 Dungeon Crawl Stone Soup version 0.25-a0-294-gea9b1ad378 (webtiles) character file.

Game seed: 14275906307895445560, levelgen mode: deterministic

1235 night the Vexing (level 8, -2/52 HPs)
             Began as a Demonspawn Enchanter on Dec 17, 2019.
             Was a Follower of Dithmenos.
             Slain by a worker ant (4 damage)
             ... on level 5 of the Dungeon.
             The game lasted 00:19:45 (5170 turns).

night the Vexing (Demonspawn Enchanter)             Turns: 5170, Time: 00:19:46

Health: -2/52      AC:  6    Str: 10    XL:     8   Next: 24%
Magic:  25/25      EV: 12    Int: 18    God:    Dithmenos [*.....]
Gold:   81         SH:  0    Dex: 15    Spells: 10/18 levels left

rFire    . . .     SeeInvis .   t - +2 dagger (vamp)
rCold    + . .     Gourm    .   (no shield)
rNeg     . . .     Faith    .   B - +1 leather armour {rC+}
rPois    .         Spirit   .   (helmet restricted)
rElec    .         Reflect  .   C - +1 cloak
rCorr    .         Harm     .   (no gloves)
MR       .....                  (no boots)
Stlth    +++.......             f - amulet of regeneration
HPRegen  0.57/turn              y - ring of magical power
MPRegen  0.19/turn              G - ring of flight

@: lethally poisoned (-2 -> -2), wreathed by umbra
A: antennae 1, thin skeletal structure 1, rot immunity
a: Renounce Religion, Evoke Flight


You were on level 5 of the Dungeon.
You worshipped Dithmenos.
Dithmenos was aware of your devotion.
You were not hungry.

You visited 1 branch of the dungeon, and saw 5 of its levels.
You also visited: Sewer.

You collected 271 gold pieces.
You spent 190 gold pieces at shops.

Inventory:

Hand Weapons
 a - a +1 dagger
 l - the +4 shortbow "Bodidu" {velocity, rF+}
   (You bought it in a shop on level 5 of the Dungeon)

   Any arrow fired from it inflicts extra damage.
   It protects you from fire.
 m - a +4 whip
 t - a +2 vampiric dagger (weapon)
 z - a +3 dagger of electrocution
Missiles
 e - 313 stones
 k - 6 javelins
 o - 32 poisoned darts (quivered)
 v - 39 arrows
Armour
 b - a +0 robe
 p - a +0 ring mail
 B - a +1 leather armour of cold resistance (worn)
 C - a +1 cloak (worn)
Jewellery
 f - an amulet of regeneration (around neck)
 j - an uncursed ring of fire
 n - a +2 ring of dexterity
 y - a ring of magical power (left hand)
 G - a ring of flight (right hand)
Wands
 A - a wand of polymorph (10)
Scrolls
 c - a scroll of random uselessness {unknown}
 r - 2 scrolls of amnesia
 u - 2 scrolls of remove curse
 w - 3 scrolls of enchant weapon
 x - 2 scrolls of identify
 F - a scroll of fog
Potions
 g - 7 potions of curing
 h - 3 potions of might
 i - 3 potions of heal wounds
 q - 2 potions of berserk rage
 s - a potion of ambrosia
 D - 3 potions of flight {unknown}
 E - a potion of brilliance
Comestibles
 d - 12 rations
 H - a chunk of flesh


   Skills:
 + Level 4.6 Short Blades
 - Level 1.7 Dodging
 - Level 2.6 Stealth
 + Level 5.8 Spellcasting
 + Level 6.7 Hexes


You had 10 spell levels left.
You knew the following spells:

 Your Spells              Type           Power        Failure   Level  Hunger
a - Tukima's Dance        Hex            ####....     3%          3    ##.....
b - Ensorcelled Hibernat  Hex/Ice        ###...       6%          2    None
c - Confuse               Hex            ####....     3%          3    ##.....

Your spell library contained the following spells:

 Spells                   Type           Power        Failure   Level  Hunger
 Corona                   Hex            ####...      1%          1    None
 Dazzling Flash           Conj/Hex       ###...       13%         3    ##.....
 Animate Skeleton         Necr           N/A          17%         1    None
 Pain                     Necr           #...         17%         1    None
 Regeneration             Chrm/Necr      #.........   45%         3    ##.....
 Vampiric Draining        Necr           #.........   45%         3    ##.....
 Animate Dead             Necr           N/A          86%         4    ####...


Dungeon Overview and Level Annotations

Branches:
Dungeon (5/15)              Sewer (visited)
 Temple: D:4-7

Altars:
Dithmenos
Elyvilon
Nemelex Xobeh
Ru
Sif Muna
Trog

Shops:
D:5 *((?


Innate Abilities, Weirdness & Mutations

You have a pair of small antennae on your head.
You have a somewhat thin skeletal structure. (Dex +2, Stealth)
You are immune to rotting.


Message History

* * * LOW HITPOINT WARNING * * *
You hit the worker ant but do no damage.
The worker ant is severely wounded.
The worker ant closely misses you.
You hit the worker ant.
You feel better.
The worker ant is severely wounded.
The worker ant closely misses you.
You closely miss the worker ant.
The worker ant is severely wounded.
You feel sick. The worker ant bites you!
* * * LOW HITPOINT WARNING * * *
You are more poisoned.
The worker ant poisons you!
You hit the worker ant but do no damage.
The worker ant is severely wounded.
The worker ant completely misses you.
You barely miss the worker ant.
The worker ant is severely wounded.
You feel sick. The worker ant bites you.
You die...

*.#####*#.#.# #.# *** #.#.# #
######## ##.#*****#...* #
##......###..+,,_,,+..######
*#.......[##..#**,**#..#.>...
*.............# *,* #....#.##
*..........##.###+###......#
*..........##...÷.......####
*........)$a@...........#
*.......$..#####........#
*#.........# ##########
*.........†# *..........#
*=.......).# *..........#
*..........# *#........##


You could see a worker ant.

Vanquished Creatures
  Eustachio (D:4)
  3 yaks (D:4)
  An ogre (D:5)
  2 big kobolds (Sewer)
  A howler monkey (D:5)
  A crimson imp (D:5)
  2 hounds
  A bullfrog skeleton (D:4)
  An iguana (D:5)
  2 worker ants
  9 adders
  An ooze (D:4)
  2 worms (D:2)
  A dart slug (D:3)
  A leopard gecko (D:1)
  9 orcs
  3 ball pythons
  7 bats
  5 giant cockroaches
  7 hobgoblins
  6 jackals
  2 quokkas
  A ball python skeleton (D:4)
  6 frilled lizards
  8 goblins
  21 kobolds
  10 rats
114 creatures vanquished.

Notes
Turn   | Place    | Note
-------+----------+-------------------------------------------
     0 | D:1      | night the Demonspawn Enchanter began the quest for the Orb.
     0 | D:1      | Reached XP level 1. HP: 13/13 MP: 3/3
   223 | D:1      | Gained mutation: You have a somewhat thin skeletal
                  | structure. (Dex +2, Stealth) [demonic ancestry]
   223 | D:1      | Reached XP level 2. HP: 9/19 MP: 1/5
  1075 | D:2      | Reached XP level 3. HP: 24/24 MP: 7/7
  1087 | D:2      | Learned a level 2 spell: Ensorcelled Hibernation
  1091 | D:2      | Learned a level 3 spell: Confuse
  1626 | D:2      | Reached skill level 4 in Hexes
  1753 | D:2      | Gained mutation: You are immune to rotting. [demonic
                  | ancestry]
  1753 | D:2      | Reached XP level 4. HP: 30/30 MP: 8/8
  1866 | D:2      | Found a shimmering blue altar of Sif Muna.
  1866 | D:2      | Found a bloodstained altar of Trog.
  2821 | D:3      | Reached skill level 1 in Short Blades
  3065 | D:3      | Found a shadowy altar of Dithmenos.
  3181 | D:3      | Became a worshipper of Dithmenos the Shadowed
  3260 | D:4      | Gained mutation: You have a pair of small antennae on your
                  | head. [demonic ancestry]
  3260 | D:4      | Reached XP level 5. HP: 29/35 MP: 10/10
  3303 | D:4      | Noticed a yak
  3303 | D:4      | Noticed a yak
  3303 | D:4      | Noticed a yak
  3318 | D:4      | Killed a yak
  3318 | D:4      | Reached XP level 6. HP: 37/41 MP: 12/12
  3325 | D:4      | Killed a yak
  3325 | D:4      | Reached skill level 5 in Hexes
  3330 | D:4      | Killed a yak
  3330 | D:4      | Reached XP level 7. HP: 37/46 MP: 7/14
  3396 | D:4      | Noticed Eustachio
  3434 | D:4      | Killed Eustachio
  3434 | D:4      | Reached skill level 5 in Spellcasting
  3863 | D:4      | Reached skill level 6 in Hexes
  3868 | D:4      | Learned a level 3 spell: Tukima's Dance
  4222 | D:5      | Entered Level 5 of the Dungeon
  4222 | D:5      | Found Sannor's Weapon Shop.
  4245 | D:5      | Found Laelyi's Assorted Antiques.
  4258 | D:5      | Found a white marble altar of Elyvilon.
  4508 | D:5      | Found a glowing drain.
  4517 | Sewer    | Entered a sewer
  4653 | Sewer    | Reached * piety under Dithmenos
  4711 | Sewer    | Reached XP level 8. HP: 46/52 MP: 16/16
  4916 | D:5      | Found Uklaurch's Weapon Boutique.
  4927 | D:5      | Found a sacrificial altar of Ru.
  5045 | D:5      | Found a sparkling altar of Nemelex Xobeh.
  5053 | D:5      | Found Nyusch's Magic Scroll Boutique.
  5064 | D:5      | Bought a scroll of fog for 22 gold pieces
  5069 | D:5      | Found Xeluipp's Antique Weapon Emporium.
  5080 | D:5      | Bought a brightly glowing shortbow for 168 gold pieces
  5080 | D:5      | Identified the +4 shortbow "Bodidu" {velocity, rF+} (You
                  | bought it in a shop on level 5 of the Dungeon)
  5168 | D:5      | HP: 2/52 [worker ant (7)]
  5170 | D:5      | Slain by a worker ant

Levels and vault maps discovered:
D:1:      minmay_arrival_split_and_join, layout_loops_ring
D:2:      layout_loops_ring, gammafunk_temple_overflow_statue, first_ration
D:3:      layout_basic, grunt_dithmenos_smoke, hangedman_decor_clover_reticule
D:4:      layout_loops_corners, serial_rivers, chequers_serial_rivers_micro_b,
          chequers_serial_rivers_room_a, chequers_serial_rivers_micro_e,
          chequers_serial_rivers_small_b, chequers_serial_rivers_small_b,
          chequers_serial_rivers_room_a, uniq_eustachio
D:5:      layout_rooms, lemuel_doored_altar, fedhas_altar_fruit_tree,
          lemuel_round_altar, lemuel_crystal_altar, hangedman_ru_absence,
          serial_shops, nicolae_shop_competitors_out_of_business, shop_statue,
          nicolae_shop_waterfront, shop, nicolae_shop_crystal,
          portal_sewer_entry_d

Skill      XL: |  1  2  3  4  5  6  7 |
---------------+----------------------+-----
Spellcasting   | 3 4 5 |  5.8
Hexes          | 4 5 6 |  6.7
Short Blades   | 1 2 3 4 |  4.6
Dodging        | |  1.7
Stealth        | |  2.6

Action                   |  1- 3 |  4- 6 |  7- 9 || total
-------------------------+-------+-------+-------++-------
Melee: Dagger            |   109 |    58 |   156 ||   323
       Whip              |    39 |       |       ||    39
       War axe           |       |    21 |       ||    21
Throw: Dart              |    23 |       |       ||    23
 Cast: Corona            |     5 |     3 |       ||     8
       Ensorcelled Hiber |     7 |     7 |     7 ||    21
       Confuse           |     1 |     8 |     9 ||    18
  Use: Scroll            |       |       |    11 ||    11
 Stab: Sleeping          |    10 |     5 |    13 ||    28
       Confused          |       |     3 |     2 ||     5
  Eat: Chunk             |     3 |     4 |     6 ||    13
       Ration            |       |     1 |       ||     1
Armor: Robe              |    31 |     2 |       ||    33
       Ring mail         |       |    12 |       ||    12
       Leather armour    |       |       |    31 ||    31
Dodge: Dodged            |    89 |    43 |   104 ||   236

Table legend:
 A = Non-vault XP
 B = Vault XP
 C = Vault XP percentage of total XP
 D = Non-vault monster count
 E = Vault monster count
 F = Vault count percentage of total count
                 A         B        C        D         E       F
            +---------+---------+-------+---------+---------+-------
      Total |    1319 |     446 |  25.3 |      88 |      26 |  22.8
            +---------+---------+-------+---------+---------+-------
        D:1 |      28 |       0 |   0.0 |      18 |       0 |   0.0
        D:2 |      73 |       0 |   0.0 |      26 |       0 |   0.0
        D:3 |      54 |       0 |   0.0 |      16 |       0 |   0.0
        D:4 |     769 |     196 |  20.3 |      10 |       1 |   9.1
        D:5 |     395 |      14 |   3.4 |      18 |       1 |   5.3
      Sewer |       0 |     236 | 100.0 |       0 |      24 | 100.0
            +---------+---------+-------+---------+---------+-------
